 Dungeon Crawl Stone Soup version 0.26.1-2-gb8aa6d0cf2 (webtiles) character file.

Game seed: 15033299873306473607

173315 Ezendos the Warrior (level 17, -10/172 HPs)
             Began as a Palentonga Delver on Jan 31, 2021.
             Was the Champion of Yredelemnul.
             Killed from afar by Arachne (32 damage)
             ... with a bolt of poison
             ... on level 4 of the Spider Nest on Feb 10, 2021.
             The game lasted 02:42:54 (56450 turns).

Ezendos the Warrior (Palentonga Delver)            Turns: 56450, Time: 02:42:54

Health: -10/172    AC: 32    Str: 20      XL:     17   Next: 42%
Magic:  24/24      EV: 11    Int: 11 (12) God:    Yredelemnul [******]
Gold:   2508       SH: 18    Dex: 19 (20) Spells: 16/16 levels left

rFire    + . .     SeeInvis +   a - +12 broad axe of Seopen {vamp, Dex+3 Stlth+}
rCold    + . .     Faith    .   G - +0 tower shield
rNeg     . . .     Spirit   .   k - +0 scale mail {rF+}
rPois    .         Reflect  .   L - +1 hat {Will+}
rElec    +         Harm     .   j - scarf {shadows}
rCorr    .         Rampage  .   w - +1 pair of gloves {archery}
Will     +++..                  f - +4 barding {rC+}
Stlth    ++........             t - amulet of Psychosis {+Fly rElec Regen+ Dex+4}
HPRegen  0.78/turn              K - ring of willpower
MPRegen  0.19/turn              B - +4 ring of protection

@: lethally poisoned (-10 -> -15), curled up
A: large, rugged brown scales 3, see invisible, deformed body, roll 1, armoured
tail, reflexive curl
a: Rolling Charge, Renounce Religion, Evoke Flight, Recall Undead Slaves, Injury
Mirror, Animate Dead, Drain Life, Enslave Soul


You were on level 4 of the Spider Nest.
You worshipped Yredelemnul.
Yredelemnul was exalted by your worship.
You visited 5 branches of the dungeon, and saw 30 of its levels.

You collected 3883 gold pieces.
You spent 1375 gold pieces at shops.

Inventory:

Hand Weapons
 a - the +12 broad axe of Seopen (weapon) {vamp, Dex+3 Stlth+}
   (You found it on level 9 of the Dungeon)

   It inflicts no extra harm, but heals its wielder when it wounds a living foe.
   It affects your dexterity (+3).
   It makes you more stealthy.
 b - a +4 short sword of venom
 Y - the +5 rapier "Guacuxt" {vorpal, Dex+3}
   (You found it on level 1 of the Lair of Beasts)

   It inflicts extra damage upon your enemies.
   It affects your dexterity (+3).
Missiles
 M - 4 throwing nets
 T - 7 curare-tipped darts
Armour
 f - a +4 barding of cold resistance (worn)
 j - a scarf of shadows (worn)
 k - a +0 scale mail of fire resistance (worn)
 w - a +1 pair of gloves of archery (worn)
 G - a +0 tower shield (worn)
 L - a +1 hat of willpower (worn)
 W - a +2 buckler of protection
Jewellery
 q - an uncursed ring of protection from cold
 t - the amulet of Psychosis (around neck) {+Fly rElec Regen+ Dex+4}
   (You found it on level 3 of the Spider Nest)

   [amulet of regeneration]

   It affects your dexterity (+4).
   It insulates you from electricity.
   It lets you fly.
   It increases your rate of regeneration.
 B - a +4 ring of protection (right hand)
 C - an uncursed ring of resist corrosion
 K - a ring of willpower (left hand)
Wands
 g - a wand of digging (5)
 i - a wand of disintegration (40)
 s - a wand of iceblast (42)
 x - a wand of acid (12)
 O - a wand of paralysis (12)
 S - a wand of flame (42)
Scrolls
 c - 10 scrolls of fog
 d - 9 scrolls of magic mapping
 e - a scroll of brand weapon
 n - 8 scrolls of remove curse
 p - 3 scrolls of blinking
 r - 5 scrolls of identify
 y - 2 scrolls of summoning
 z - 2 scrolls of silence
 D - 7 scrolls of teleportation
 P - 5 scrolls of fear
 V - 3 scrolls of vulnerability
Potions
 h - 10 potions of curing
 l - a potion of berserk rage
 m - 3 potions of brilliance
 o - 5 potions of heal wounds
 v - 9 potions of invisibility
 A - 6 potions of cancellation
 E - 4 potions of lignification
 F - 2 potions of ambrosia
 H - 5 potions of might
 I - 6 potions of attraction
 J - a potion of mutation
 N - 5 potions of haste
 R - 5 potions of flight
 Z - 3 potions of resistance
Miscellaneous
 Q - a condenser vane
 U - a phantom mirror
 X - a lightning rod (4/4)


   Skills:
 + Level 17.2 Fighting
 - Level 5.0 Short Blades
 * Level 11.6(11.8) Axes
 - Level 3.1(7.6) Polearms
 - Level 10.0 Armour
 - Level 10.0 Dodging
 - Level 3.3 Stealth
 + Level 11.4 Shields
 - Level 10.0 Invocations
 - Level 6.0 Evocations


You had 16 spell levels left.
You didn't know any spells.
Your spell library contained the following spells:

 Spells                   Type           Power        Failure   Level
 Apportation              Tloc           0%           88%         1
 Beastly Appendage        Tmut           0%           88%         1
 Sandblast                Erth           0%           88%         1
 Summon Small Mammal      Summ           0%           88%         1
 Call Imp                 Summ           0%           95%         2
 Passwall                 Tmut/Erth      0%           95%         2
 Wereblood                Tmut           0%           95%         2
 Call Canine Familiar     Summ           0%           99%         3
 Confusing Touch          Hex            0%           99%         3
 Gell's Gravitas          Tloc           0%           99%         3
 Lesser Beckoning         Tloc           0%           99%         3
 Spider Form              Tmut/Pois      0%           99%         3
 Stone Arrow              Conj/Erth      0%           99%         3
 Summon Guardian Golem    Hex/Summ       0%           99%         3
 Tukima's Dance           Hex            0%           99%         3
 Cause Fear               Hex            0%           100%        4
 Ice Form                 Ice/Tmut       0%           100%        4
 Petrify                  Tmut/Erth      0%           100%        4
 Summon Ice Beast         Ice/Summ       0%           100%        4
 Summon Lightning Spire   Summ/Air       0%           100%        4
 Alistair's Intoxication  Tmut/Pois      0%           100%        5
 Blade Hands              Tmut           0%           100%        5
 Lee's Rapid Deconstruct  Erth           0%           100%        5
 Metabolic Englaciation   Hex/Ice        0%           100%        5
 Silence                  Hex/Air        0%           100%        5
 Yara's Violent Unravell  Hex/Tmut       0%           100%        5
 Invisibility             Hex            0%           100%        6
 Discord                  Hex            0%           100%        8


Dungeon Overview and Level Annotations

Branches:
Dungeon (15/15) Temple (0/1) D:6 Lair (6/6) D:8 Shoals (3/4) Lair:4 Spider (4/4) Lair:4 Slime (0/5) Lair:6 Orc (2/2) D:10 Elf (0/3) Orc:1 Orc:2 Vaults (0/5) D:13 Depths (0/5) D:15

Altars:
Dithmenos
Elyvilon
Gozag
Hepliaklqana
Qazlal
Sif Muna
Trog
Uskayaw
Wu Jian
Xom
Yredelemnul
Zin
Beogh
Jiyva
Lugonu

Shops:
D:6 [   D:9 *   Orc:2 =?[((   Shoals:1 =   Shoals:2 :

Portals:
Abyss: D:4

Annotations:
Spider:3 Asterion
Spider:4 Arachne
Orc:2 2 transporters, Jaiteiro's ghost, journeyman MiFi


Innate Abilities, Weirdness & Mutations

You are completely covered in rugged brown scales. (AC +3, +7% HP)
You have supernaturally acute eyesight. (SInv)
Armour fits poorly on your strangely shaped body.
You can roll at nearby foes to attack.
You have a long armoured tail.
You curl defensively after being hit.


Message History

A tarantella comes into view.
Arachne's staff shoots out a stream of webbing.
The stream of webbing hits you but does no damage.
You are caught in a web!
The jumping spider leaps!
The demonic crawler enters a dispersal trap!
The orb spider blinks!
The wolf spider blinks!
The orb spider blinks!
The ghost moth blinks!
The jumping spider leaps!
The tarantella blinks!
The jumping spider leaps!
You blink.
The tarantella moves out of view.
Blink to where?
Press: ? - help, Dir - move target
As you read the scroll of blinking, it crumbles to dust.
The wolf spider hisses angrily.
The orb spider hisses angrily.
The orb spider pulsates with a strange energy.
You hear an angry hiss.
The jumping spider leaps!
Arachne stares at you and mumbles some strange words.
The bolt of poison hits you!!
You are poisoned.
You die...
Your body rises from the dead as a mindless zombie.

≈.s^#
##.#...#....$# .#
≈≈ .
^#§..§.§..^..
#.y.s§.ss..#^
#.s§s!s..#..##
.ss...........##
.^.###.#....#...#
.#..
^..#s##...#.# ..
...°.s..°..#####
. ##..H@.#...#.^#
..#..ss..#..#^.^#
..s..#.......^^##
.....#s.#.......#
^....^.^....#^.##
..##.........#..#
....^.....#.^ ##
.....^#.#^....#
........#.^.^..


You could see Arachne, 2 wolf spiders, an orb spider (charged), a jumping
spider, 2 tarantellas and 2 redbacks.

Vanquished Creatures
  Agnes (D:14)
  Kirke (Spider:3)
  An emperor scorpion (Spider:1)
  2 entropy weavers (Spider:2)
  A dire elephant (D:15)
  Azrael (D:15)
  Snorg (D:13)
  A merfolk javelineer (Shoals:1)
  An ettin (Orc:1)
  The ghost of DevastatorOne the Severer, a journeyman HOFi of the Shining One (D:9)
  A fire dragon (Lair:6)
  7 hydras
  2 boulder beetles
  Harold (D:8)
  3 centaur warriors
  10 two-headed ogres
  An alligator snapping turtle (Shoals:2)
  3 merfolk avatars (Shoals:1)
  Erica (D:8)
  A merfolk aquamancer (Shoals:2)
  A dancing weapon (D:6)
  2 death yaks (Shoals:2)
  5 catoblepae
  2 orc high priests (Orc:2)
  5 tengu warriors
  An ogre mage (D:12)
  A queen ant (Spider:3)
  Sonja (Lair:1)
  Nergalle (D:12)
  2 skeletal warriors (D:10)
  The ghost of SamuraiZach the Cudgeller, a novice TrDe of Trog (D:6)
  5 sea snakes
  5 unseen horrors
  Pikel (D:7)
  9 harpies (Shoals:1)
  A wizard (D:13)
  2 lindwurms (Lair:6)
  3 wolf spider zombies
  17 wolf spiders
  12 orb spiders
  A necromancer (D:13)
  A manticore (Shoals:3)
  An orc sorcerer (D:12)
  7 ugly things
  3 cyclopes
  A salamander (shapeshifter) (D:15)
  A deep elf mage (D:14)
  A salamander (D:15)
  4 fauns
  4 centaur zombies
  2 merfolk sirens
  Maurice (D:8)
  10 elephants
  Joseph (D:8)
  4 black mambas
  2 molten gargoyles (Lair:6)
  Psyche (D:12)
  A gargoyle (D:13)
  3 torpor snails
  The ghost of inc the Covert, a novice FeEn of Gozag (D:9)
  A freezing wraith (D:14)
  10 cane toads
  9 komodo dragons
  9 demonic crawlers
  8 rime drakes
  A meliai (shapeshifter) (D:14)
  3 yaktaurs
  4 trolls
  27 jumping spiders
  6 merfolk
  3 meliai (D:14)
  2 polar bears
  7 slime creatures
  4 snapping turtles
  2 hornets (Spider:3)
  8 blink frogs
  A dream sheep (Lair:4)
  Sigmund (D:3)
  A vampire (D:12)
  A shadow (D:14)
  16 tarantellas
  3 wyverns
  2 water elementals (Shoals:2)
  2 hogs
  2 fire elementals
  Grum (D:10)
  52 redbacks
  37 yaks
  7 basilisks
  10 steam dragons
  Menkaure (D:4)
  A harpy simulacrum (D:14)
  7 vampire mosquitoes
  3 wargs (Orc:2)
  Duvessa (D:7)
  An acid dragon (Lair:3)
  7 hell hounds
  12 soldier ants
  The ghost of arta456 the Conjurer, an amateur DECj (D:3)
  10 water moccasins
  5 black bears
  9 ice beasts
  15 orc warriors
  2 phantoms
  An eye of draining (D:11)
  A necrophage (D:5)
  4 sky beasts
  8 ogres
  8 wolves
  15 centaurs
  4 big kobolds (D:11)
  15 bullfrogs
  A wyvern zombie (D:14)
  2 scorpions
  A water moccasin skeleton (D:10)
  7 wights
  18 killer bees
  3 howler monkeys
  5 lava snakes (Lair:6)
  A redback zombie (Spider:2)
  5 hounds
  2 jellies (D:8)
  16 orc wizards
  23 orc priests
  Crazy Yiuf (D:5)
  4 centaur skeletons
  2 gnoll shamans
  Ijyb (D:3)
  Terence (D:2)
  5 hell rats
  4 iguanas
  20 worker ants
  A bullfrog simulacrum (D:10)
  A jumping spider zombie (Spider:3)
  2 hound zombies
  2 hound skeletons
  2 howler monkey skeletons
  12 gnolls (D:4)
  10 adders
  A shadow imp (D:6)
  5 white imps
  An ufetubus (D:6)
  An ooze (D:2)
  An adder skeleton (D:4)
  3 worms
  3 dart slugs
  5 leopard geckos
  80 orcs
  A ball python (D:2)
  4 bats
  12 giant cockroaches
  8 goblins
  11 hobgoblins
  2 jackals (D:2)
  2 quokkas
  3 frilled lizards
  7 kobolds
  An orc skeleton (Spider:3)
  2 orc zombies
  A quokka skeleton (D:5)
  9 rats
  A spectral orc (D:2)
  A bush (Lair:4)
  A butterfly (Lair:3)
  A lurking horror (D:4)
858 creatures vanquished.

Vanquished Creatures (collateral kills)
  Rupert (D:12)
  Gastronok (Lair:3)
  Polyphemus (Shoals:2)
  An emperor scorpion (Spider:2)
  2 entropy weavers (Spider:2)
  A hydra (Lair:5)
  3 boulder beetles (D:14)
  3 centaur warriors
  A queen ant (shapeshifter) (D:14)
  3 two-headed ogres
  A death yak (Shoals:2)
  3 orc high priests (Orc:2)
  2 skeletal warriors (D:10)
  A sea snake (Shoals:2)
  An orc knight (D:12)
  7 harpies
  A deep elf mage (D:15)
  An orc sorcerer (Orc:1)
  A manticore (Shoals:1)
  9 wolf spiders
  6 orb spiders
  A cyclops (Shoals:1)
  5 fauns
  A black mamba (Lair:2)
  2 merfolk sirens
  3 elephants
  A molten gargoyle (Lair:6)
  2 cane toads
  A gargoyle (D:13)
  2 centaur skeletons
  2 komodo dragons
  3 rime drakes
  6 demonic crawlers
  2 yaktaurs (D:15)
  9 jumping spiders
  2 merfolk
  A hornet (Spider:3)
  A troll (D:12)
  A tengu conjurer (D:14)
  4 slime creatures
  A wind drake (Lair:4)
  8 blink frogs
  A snapping turtle (Shoals:1)
  2 dream sheep (Lair:4)
  19 redbacks
  17 yaks
  6 tarantellas
  A water elemental (Shoals:1)
  3 wyverns
  2 hogs (Spider:3)
  A basilisk (D:14)
  A vampire mosquito (D:12)
  A steam dragon (Lair:6)
  A fire elemental (D:15)
  14 soldier ants
  2 wargs (Orc:2)
  2 hell hounds (Lair:6)
  An orc warrior (Orc:1)
  An ice beast (D:14)
  3 ogres
  A wolf (D:9)
  4 centaurs
  A lemure (D:7)
  3 bullfrogs
  Dowan (D:7)
  A scorpion (D:14)
  A wyvern skeleton (D:14)
  A centaur zombie (D:7)
  A quasit (D:12)
  A hound (D:9)
  14 orc priests
  An orc wizard (Orc:1)
  6 worker ants
  2 hell rats (Lair:4)
  A shadow imp (D:10)
  2 white imps (D:10)
  20 orcs
  A bush (Lair:3)
  A butterfly (Lair:3)
249 creatures vanquished.

Vanquished Creatures (others)
  A vampire knight (Orc:2)
  A flayed ghost (D:12)
  3 vampires (D:12)
  6 flying skulls
  An entropy weaver zombie (Spider:2)
  2 wights (D:12)
  24 redback zombies
  A death yak zombie (Shoals:2)
  10 wolf spider zombies
  A sea snake zombie (Shoals:1)
  A sea snake skeleton (Shoals:1)
  3 hydra zombies
  2 catoblepas zombies
  3 meliai zombies (D:14)
  10 jumping spider zombies
  12 tarantella zombies
  5 demonic crawler zombies
  7 orb spider zombies
  2 lindwurm zombies (Lair:6)
  A queen ant zombie (Spider:3)
  3 merfolk zombies (Shoals:2)
  A tengu zombie (D:14)
  3 boulder beetle zombies
  11 harpy zombies
  A vampire mosquito zombie (D:14)
  A wolf zombie (Lair:6)
  2 hell hound zombies
  A hornet zombie (Spider:3)
  19 yak zombies
  3 elephant zombies
  A salamander zombie (D:15)
  3 two-headed ogre zombies
  3 water moccasin zombies
  4 cane toad zombies
  A hog zombie (Spider:3)
  2 rime drake zombies
  A snapping turtle zombie (Shoals:2)
  A torpor snail zombie (Lair:6)
  An acid dragon zombie (Lair:3)
  4 basilisk zombies
  2 black bear zombies
  2 human zombies (D:8)
  3 komodo dragon zombies
  An ogre zombie (D:10)
  A polar bear zombie (Lair:3)
  2 scorpion zombies
  8 soldier ant zombies
  2 troll zombies
  2 bullfrog skeletons
  7 bullfrog zombies
  10 centaur zombies
  2 elf zombies
  3 gnoll zombies
  A hell rat zombie (Lair:5)
  An iguana zombie (D:10)
  2 killer bee zombies
  A leopard gecko zombie (D:6)
  3 orc skeletons
  45 orc zombies
  A sky beast zombie (D:7)
  2 steam dragon zombies (Lair:6)
  2 warg zombies (Orc:2)
  10 worker ant zombies
  6 bushes (Lair:6)
  71 fungi
  227 plants
579 creatures vanquished.

Grand Total: 1686 creatures vanquished

Notes
Turn   | Place    | Note
-------+----------+-------------------------------------------
     0 | D:5      | Ezendos the Palentonga Delver began the quest for the Orb.
     0 | D:5      | Reached XP level 1. HP: 20/20 MP: 1/1
    46 | D:4      | Noticed an ogre
    56 | D:4      | Noticed a howler monkey
    62 | D:4      | Noticed a killer bee
    65 | D:4      | Noticed a killer bee
   108 | D:5      | Found a white marble altar of Elyvilon.
   144 | D:4      | Found a one-way gate to the infinite horrors of the Abyss.
   144 | D:4      | Found a corrupted altar of Lugonu.
   316 | D:1      | Reached XP level 2. HP: 26/27 MP: 2/2
   920 | D:1      | Reached XP level 3. HP: 27/33 MP: 3/3
  1389 | D:2      | Noticed Terence
  1446 | D:2      | Killed Terence
  1447 | D:2      | Reached skill level 4 in Fighting
  1447 | D:2      | Reached XP level 4. HP: 7/42 MP: 4/4
  2642 | D:2      | Found a shadowy altar of Dithmenos.
  2644 | D:2      | Found a shimmering blue altar of Sif Muna.
  2960 | D:2      | Found a basalt altar of Yredelemnul.
  2972 | D:2      | Became a worshipper of Yredelemnul the Dark
  3700 | D:3      | Reached skill level 1 in Armour
  3700 | D:3      | Reached XP level 5. HP: 48/50 MP: 5/5
  3913 | D:3      | Noticed Sigmund
  3926 | D:3      | Killed Sigmund
  3927 | D:3      | Reached skill level 5 in Fighting
  3927 | D:3      | Reached XP level 6. HP: 44/59 MP: 6/6
  4667 | D:3      | Found a runed translucent door.
  4667 | D:3      | Noticed arta456's ghost (amateur DECj)
  4810 | D:3      | Noticed Ijyb
  4818 | D:3      | Killed Ijyb
  5473 | D:4      | Gained mutation: You curl defensively after being hit.
                  | [Palentonga growth]
  5473 | D:4      | Reached XP level 7. HP: 27/65 MP: 7/7
  5493 | D:4      | HP: 3/65 [poisoned by a worker ant]
  5499 | D:4      | HP: 3/65 [poisoned by a worker ant]
  5507 | D:4      | HP: 2/65 [poisoned by a worker ant]
  5786 | D:4      | Reached * piety under Yredelemnul
  6239 | D:4      | Reached skill level 6 in Fighting
  6501 | D:4      | Noticed Menkaure
  6520 | D:4      | Reached skill level 1 in Invocations
  6703 | D:4      | Found a hide-covered altar of Uskayaw.
  7304 | D:5      | Reached XP level 8. HP: 74/74 MP: 9/9
  7390 | D:5      | Found a runed translucent door.
  7393 | D:5      | Noticed Crazy Yiuf
  8122 | D:5      | Killed Crazy Yiuf
  8189 | D:6      | Reached ** piety under Yredelemnul
  8223 | D:6      | Found Keixoeqo's Armour Shoppe.
  8376 | D:6      | Found a staircase to the Ecumenical Temple.
  8401 | D:6      | Found a runed translucent door.
  8402 | D:6      | Found a shimmering altar of Xom.
  8402 | D:6      | Noticed a +2 short sword of chaos
  8402 | D:6      | Noticed SamuraiZach's ghost (novice TrDe)
  8411 | D:6      | Found an ornate altar of the Wu Jian Council.
  8457 | D:6      | Found a stormy altar of Qazlal.
  9391 | D:7      | Reached skill level 5 in Invocations
  9439 | D:7      | Noticed Dowan
  9446 | D:7      | Noticed Duvessa
  9471 | D:7      | Reached skill level 7 in Fighting
  9471 | D:7      | Reached skill level 5 in Dodging
  9471 | D:7      | Reached XP level 9. HP: 72/84 MP: 11/13
  9486 | D:7      | Killed Duvessa
  9488 | D:7      | Killed Dowan
  9848 | D:7      | Noticed Pikel
  9857 | D:7      | Your ally Duvessa died
  9876 | D:7      | Killed Pikel
  9877 | D:7      | Reached skill level 5 in Armour
 10018 | D:7      | Identified a scroll of acquirement
 10019 | D:7      | Acquired 825 gold pieces
 10605 | D:8      | Acquired a +0 barding of cold resistance
 11299 | D:8      | Found a staircase to the Lair.
 11301 | D:8      | Noticed Erica
 11317 | D:8      | Killed Erica
 11318 | D:8      | Reached skill level 8 in Fighting
 11318 | D:8      | Reached XP level 10. HP: 52/94 MP: 16/16
 11458 | D:8      | Noticed Maurice
 11483 | D:8      | Killed Maurice
 11706 | D:8      | Noticed Joseph
 11715 | D:8      | Noticed Harold
 11719 | D:8      | Your ally Maurice died
 11727 | D:8      | Your ally Erica died
 11763 | D:8      | Killed Joseph
 11822 | D:8      | Killed Harold
 12141 | D:8      | Found an opulent altar of Gozag.
 12278 | D:8      | Found a hazy altar of Hepliaklqana.
 12400 | D:9      | Noticed inc's ghost (novice FeEn)
 12401 | D:9      | Found a runed translucent gate.
 12402 | D:9      | Found a runed translucent gate.
 12402 | D:9      | Found a runed translucent gate.
 12402 | D:9      | Noticed an 11-headed hydra
 13210 | D:9      | Reached *** piety under Yredelemnul
 13223 | D:9      | Found Zin's Purification Station.
 13223 | D:9      | Noticed a two-headed ogre
 13257 | D:9      | Killed a two-headed ogre
 13258 | D:9      | Reached skill level 9 in Fighting
 13518 | D:9      | Found a glowing silver altar of Zin.
 13721 | D:10     | Entered Level 10 of the Dungeon
 13805 | D:10     | Noticed Grum
 13891 | D:10     | Killed Grum
 14126 | Lair:1   | Entered Level 1 of the Lair of Beasts
 14553 | Lair:1   | Noticed a cane toad
 14574 | D:8      | Killed a cane toad
 14575 | D:8      | Reached XP level 11. HP: 96/103 MP: 18/18
 14642 | Lair:1   | Noticed Sonja
 14726 | D:10     | Found a runed translucent gate.
 14726 | D:10     | Found a runed translucent gate.
 14726 | D:10     | Found a runed translucent gate.
 14938 | D:10     | Noticed DevastatorOne's ghost (journeyman HOFi)
 14989 | D:10     | Found a staircase to the Orcish Mines.
 15004 | Orc:1    | Entered Level 1 of the Orcish Mines
 15035 | Orc:1    | Noticed a two-headed ogre
 15066 | D:10     | Killed a two-headed ogre
 15532 | D:11     | Noticed a skeletal warrior
 15633 | Lair:1   | Killed Sonja
 15634 | Lair:1   | Reached skill level 10 in Fighting
 15914 | Lair:1   | Got a slimy falchion
 15963 | Lair:1   | Identified the +2 falchion of Kucream {protect, +Inv rF-
                  | Str+5 SInv} (You found it on level 1 of the Lair of Beasts)
 16921 | Lair:1   | Noticed a five-headed hydra
 16956 | Lair:1   | Reached skill level 11 in Fighting
 16957 | Lair:1   | Killed a four-headed hydra
 17071 | Lair:1   | Reached skill level 12 in Fighting
 17184 | Lair:1   | Noticed a four-headed hydra
 17189 | Lair:1   | Killed a four-headed hydra
 17287 | Lair:1   | Got a dazzling rapier
 17288 | Lair:1   | Identified the +5 rapier "Guacuxt" {vorpal, Dex+3} (You
                  | found it on level 1 of the Lair of Beasts)
 18029 | Lair:2   | Reached skill level 13 in Fighting
 18108 | Lair:1   | Reached XP level 12. HP: 70/123 MP: 19/19
 18404 | Lair:2   | Found an ornate altar of the Wu Jian Council.
 18423 | Lair:2   | Found a hide-covered altar of Uskayaw.
 18425 | Lair:2   | Noticed a boulder beetle
 18458 | Lair:2   | Killed a boulder beetle
 19340 | Lair:2   | Reached skill level 1 in Short Blades
 19689 | Lair:2   | Reached **** piety under Yredelemnul
 19689 | Lair:2   | Received a gift from Yredelemnul (3 flying skulls)
 20137 | Lair:3   | Reached skill level 14 in Fighting
 20379 | Lair:3   | Reached skill level 1 in Shields
 20424 | Lair:3   | Received a gift from Yredelemnul (a wight)
 21805 | Lair:3   | Noticed Gastronok
 22125 | Lair:3   | Killed Gastronok
 22265 | Lair:4   | Noticed a catoblepas
 22308 | Lair:4   | Received a gift from Yredelemnul (5 flying skulls)
 22309 | Lair:4   | Reached skill level 5 in Short Blades
 22464 | Lair:4   | Found a bloodstained altar of Trog.
 23186 | Lair:4   | Found a staircase to the Shoals.
 23424 | D:3      | Killed arta456's ghost
 23424 | D:3      | Received a gift from Yredelemnul (a wight)
 23504 | D:4      | Killed Menkaure
 23893 | Lair:4   | Killed a catoblepas
 23894 | Lair:4   | Reached XP level 13. HP: 100/133 MP: 20/20
 24286 | Lair:4   | Found a hole to the Spider Nest.
 24735 | Lair:4   | Reached skill level 5 in Shields
 26894 | Lair:6   | Entered Level 6 of the Lair of Beasts
 27095 | Lair:6   | Found a staircase to the Slime Pits.
 27095 | Lair:6   | Found a viscous altar of Jiyva.
 27337 | Lair:6   | Received a gift from Yredelemnul (a wight)
 28233 | Lair:6   | Received a gift from Yredelemnul (a wight)
 28870 | Lair:6   | Received a gift from Yredelemnul (a vampire)
 29802 | D:9      | Killed inc's ghost
 29809 | D:9      | Identified the +12 broad axe of Seopen {vamp, Dex+3 Stlth+}
                  | (You found it on level 9 of the Dungeon)
 30083 | D:10     | Reached ***** piety under Yredelemnul
 30083 | D:10     | Received a gift from Yredelemnul (a vampire)
 30449 | D:10     | Reached skill level 1 in Axes
 30449 | D:10     | Reached XP level 14. HP: 49/142 MP: 21/21
 30787 | D:11     | Received a gift from Yredelemnul (a phantasmal warrior)
 30787 | D:11     | Reached skill level 15 in Fighting
 31939 | D:11     | Received a gift from Yredelemnul (a vampire)
 32101 | D:12     | Noticed Nergalle
 32112 | D:12     | Killed Nergalle
 32123 | D:12     | Your ally Nergalle died
 32627 | D:12     | Received a gift from Yredelemnul (a vampire)
 32813 | D:12     | Noticed Rupert
 32825 | D:12     | Killed Rupert
 33558 | D:13     | Received a gift from Yredelemnul (a flayed ghost)
 33616 | D:13     | Noticed Snorg
 33626 | D:13     | Killed Snorg
 33975 | D:13     | Received a gift from Yredelemnul (a vampire knight)
 34730 | D:12     | Noticed Psyche
 34737 | D:12     | Killed Psyche
 34749 | D:12     | Received a gift from Yredelemnul (a phantasmal warrior)
 35681 | Lair:6   | Found a large runed translucent door.
 35682 | Lair:6   | Found a large runed translucent door.
 36057 | Spider:1 | Entered Level 1 of the Spider Nest
 36467 | Lair:4   | Reached skill level 5 in Axes
 37469 | Spider:1 | Reached XP level 15. HP: 121/150 MP: 22/22
 37666 | Spider:1 | Received a gift from Yredelemnul (a vampire)
 38155 | Shoals:1 | Entered Level 1 of the Shoals
 38160 | Shoals:1 | Found Paxtacaidgh's Jewellery Emporium.
 38185 | Lair:4   | Received a gift from Yredelemnul (a phantasmal warrior)
 40316 | Orc:1    | Paralysed by an orc sorcerer for 7 turns
 40444 | Orc:1    | Received a gift from Yredelemnul (a skeletal warrior)
 40594 | Orc:2    | Entered Level 2 of the Orcish Mines
 40877 | Orc:2    | Found a transporter.
 40900 | Orc:2    | Found a staircase to the Elven Halls.
 40909 | Orc:2    | Noticed Jaiteiro's ghost (journeyman MiFi)
 40924 | Orc:2    | Found a transporter.
 41128 | Orc:2    | Found Alorecus's Armour Shop.
 41143 | Orc:2    | Bought a scarf of shadows for 132 gold pieces
 42005 | Orc:2    | Found Kihaujep's Jewellery Shoppe.
 42023 | Orc:2    | Received a gift from Yredelemnul (a vampire knight)
 42046 | Orc:2    | Bought a +4 ring of protection for 432 gold pieces
 42114 | Orc:2    | Found Efeik Qifin's Magic Scroll Boutique.
 42125 | Orc:2    | Received a gift from Yredelemnul (a profane servitor)
 42129 | Orc:2    | Bought a scroll of blinking for 97 gold pieces
 42129 | Orc:2    | Bought a scroll of blinking for 97 gold pieces
 42129 | Orc:2    | Bought 3 scrolls of teleportation for 117 gold pieces
 42280 | Orc:2    | Found a roughly hewn altar of Beogh.
 42290 | Orc:2    | Found Wugoena's Weapon Shoppe.
 42347 | Orc:2    | Found Girghure's Weapon Boutique.
 43865 | Spider:1 | Reached ****** piety under Yredelemnul
 44225 | Spider:1 | Reached skill level 10 in Dodging
 44616 | Spider:1 | Received a gift from Yredelemnul (a skeletal warrior)
 45229 | Spider:1 | Received a gift from Yredelemnul (a vampire knight)
 45639 | Spider:2 | Reached skill level 10 in Armour
 47264 | Spider:3 | Reached skill level 16 in Fighting
 47280 | Spider:3 | Reached XP level 16. HP: 152/161 MP: 19/23
 47289 | Spider:2 | Received a gift from Yredelemnul (a skeletal warrior)
 47577 | Spider:2 | Reached skill level 10 in Shields
 47710 | Spider:3 | Received a gift from Yredelemnul (a profane servitor)
 47947 | Spider:3 | Received a gift from Yredelemnul (a ghoul)
 48205 | Spider:3 | Noticed Kirke
 48230 | Spider:3 | Noticed a sphinx
 48611 | Spider:3 | Received a gift from Yredelemnul (a skeletal warrior)
 49014 | Spider:3 | Killed Kirke
 49212 | Spider:3 | Got a crude platinum amulet
 49539 | D:9      | Killed DevastatorOne's ghost
 49588 | D:10     | Received a gift from Yredelemnul (a flayed ghost)
 49605 | D:10     | Identified the amulet of Psychosis {+Fly rElec Regen+
                  | Dex+4} (You found it on level 3 of the Spider Nest)
 51050 | Shoals:2 | Received a gift from Yredelemnul (a skeletal warrior)
 51147 | Shoals:2 | Upgraded the game from 0.26.0-10-g1f06aea511 to
                  | 0.26.1-2-gb8aa6d0cf2
 51382 | Shoals:2 | Reached skill level 10 in Invocations
 51463 | Shoals:2 | Reached skill level 5 in Evocations
 51488 | Shoals:2 | Found Boshow's Book Emporium.
 51813 | Shoals:2 | Noticed Polyphemus
 51842 | Shoals:2 | Killed Polyphemus
 51843 | Shoals:2 | Reached skill level 10 in Axes
 52048 | Shoals:1 | Bought an uncursed ring of willpower for 500 gold pieces
 52360 | D:13     | Found a gate to the Vaults.
 52535 | D:14     | Received a gift from Yredelemnul (a profane servitor)
 52973 | D:14     | Noticed Agnes
 52980 | D:14     | Killed Agnes
 52981 | D:14     | Reached XP level 17. HP: 158/171 MP: 17/24
 53074 | D:14     | Received a gift from Yredelemnul (a vampire knight)
 53586 | D:15     | Entered Level 15 of the Dungeon
 53586 | D:15     | Noticed Azrael
 53682 | D:15     | Received a gift from Yredelemnul (a phantasmal warrior)
 53809 | D:15     | Reached skill level 17 in Fighting
 54030 | D:15     | Killed Azrael
 54111 | D:15     | Found a staircase to the Depths.
 54271 | D:15     | Received a gift from Yredelemnul (a skeletal warrior)
 54734 | D:6      | Killed SamuraiZach's ghost
 56153 | Spider:3 | Found a roughly hewn altar of Beogh.
 56193 | Spider:3 | Identified the +9 eveningstar "Rixzelobyut" {vorpal, rElec
                  | Dex+3} (You found it on level 3 of the Spider Nest)
 56325 | Spider:4 | Entered Level 4 of the Spider Nest
 56326 | Spider:4 | Noticed Asterion
 56433 | Spider:4 | Noticed Arachne
 56450 | Spider:4 | Killed from afar by Arachne

Illustrated notes

Levels and vault maps discovered:
D:1:      dpeg_arrival_simpleton_b, layout_basic
D:2:      layout_basic, yredelemnul_forgotten_temple_becter,
          grunt_temple_overflow_open, minmay_quadrilaterals, uniq_terence
D:3:      layout_basic, gammafunk_ghost_grave, uniq_sigmund, uniq_ijyb
D:4:      layout_basic, eat_drink_and_be_merry_uskayaw, serial_bayou,
          serial_bayou_lagoon_b, serial_bayou_pond_e, serial_bayou_shore_a,
          serial_bayou_lagoon_a, serial_bayou_ford_a, serial_bayou_pond_d,
          amcnicky_altar_lugonu_corruption, uniq_menkaure
D:5:      layout_basic, nicolae_overflow_crystal_walls, enter_ossuary_1,
          uniq_crazy_yiuf_cottage
D:6:      layout_basic, overflow_temple_1_default, kennysheep_little_box,
          minmay_temple_entry_ruins, serial_shops, shop, ebering_ghost_xom,
          hangedman_glass_teeth, kennysheep_generic_room_15
D:7:      layout_cave_pools, chequers_serial_rivers_small_b,
          minmay_strange_pillars, minmay_checkerbox, uniq_duvessa, uniq_pikel
D:8:      layout_cave_pods, lemuel_round_altar, lemuel_coloured_pillars_altar,
          lair_entry_dummy, serial_glass, glass_columns_a, glass_columns_a,
          enter_bailey_1, dk_vineyard_3, grunt_tough_drop, uniq_maurice,
          uniq_harold, uniq_joseph, uniq_erica
D:9:      layout_rooms, zin_purify, gammafunk_ghost_hydra_chop,
          kennysheep_generic_room_14
D:10:     layout_roguey, orc_0_dummy, gammafunk_ghost_icy, grunt_decor_junction,
          patterned_corridor, uniq_grum
D:11:     layout_small_grid, serial_rivers, chequers_serial_rivers_large_a,
          chequers_serial_rivers_micro_a, chequers_serial_rivers_marsh,
          chequers_serial_rivers_room_b, chequers_serial_rivers_micro_c,
          chequers_serial_rivers_micro_c, minmay_misc_feat_chi,
          minmay_unpleasant_kobolds
D:12:     layout_irregular_city, minmay_misc_feat_enclosed, uniq_psyche,
          uniq_nergalle, uniq_rupert
D:13:     layout_gridville, david_vaults_1, uniq_snorg
D:14:     layout_loops_ring, nrook_uturn, uniq_agnes
D:15:     hangedman_depths_entry_try_elsewhere_first, layout_long_grid,
          nicolae_two_hexagons, uniq_azrael
Lair:1:   layout_concentric_octagons, grunt_forest_small_clearings,
          grunt_forest_stairs_basic, grunt_megastairs_4, lemuel_fruit_tree,
          uniq_sonja
Lair:2:   layout_loops_ring, nzn_masters_of_martial_movement
Lair:3:   layout_layer_cave, minivault_11, bobbens_dragon_lair_wall,
          grunt_megastairs_1, lemuel_fruit_fields, serial_bayou_shore_b,
          uniq_gastronok
Lair:4:   layout_misc_corridors, minmay_shoals_entry_lonely_mermaid,
          spider_nest_entry_a, basic_altar
Lair:5:   layout_cave_pods
Lair:6:   cheibrodos_lair_end_hotspot, layout_cave_pods, slime_altar_1
Shoals:1: layout_shoals, serial_shops, shop_statue, yaktaur_hedge
Shoals:2: layout_shoals, serial_shops, shop, nicolae_shoals_square_sea_wall,
          uniq_polyphemus
Shoals:3: layout_shoals, serial_shops, shop
Spider:1: layout_spider_delve, einodemon_crawler_minivault
Spider:2: nicolae_orb_stairs_large
Spider:3: nicolae_spider_mines_2, nicolae_spider_circle_web, minivault_29,
          nicolae_spider_cling_halls, uniq_kirke
Spider:4: grunt_spider_rune_island, drop_trap, uniq_asterion, uniq_arachne
Orc:1:    layout_diamond_mine
Orc:2:    st_orc_town, layout_diamond_mine, serial_shops,
          nicolae_shop_waterfront, gammafunk_ghost_stat_death,
          portal_ice_cave_entry_pillars_1

Skill      XL: |  1  2  3  4  5  6  7  8  9 10 11 12 13 14 15 16 17 |
---------------+----------------------------------------------------+-----
Polearms       | 2 3 |  3.1
Fighting       | 4 5 6 7 8 9 13 14 15 16 17 | 17.2
Armour         | 1 2 3 4 5 6 7 9 10 | 10.0
Dodging        | 2 3 4 5 6 8 9 10 | 10.0
Invocations    | 1 5 8 9 10 | 10.0
Evocations     | 3 4 5 6 |  6.0
Short Blades   | 5 |  5.0
Shields        | 4 7 9 11 | 11.4
Axes           | 1 5 8 10 11 | 11.6
Stealth        | |  3.3

Action                   |  1- 3 |  4- 6 |  7- 9 | 10-12 | 13-15 | 16-18 || total
-------------------------+-------+-------+-------+-------+-------+-------++-------
Melee: Spear             |   123 |   158 |       |       |       |       ||   281
       Tailslap          |    10 |    21 |    49 |   116 |   362 |   225 ||   783
       Unarmed           |    16 |       |       |       |       |       ||    16
       Short sword       |       |    88 |   342 |   708 |  1945 |   375 ||  3458
       Scimitar          |       |       |       |     1 |       |       ||     1
       Broad axe         |       |       |       |       |    26 |   478 ||   504
       Rapier            |       |       |       |       |       |    23 ||    23
Throw: Dart              |       |       |     6 |    13 |       |       ||    19
Invok: Animate Remains   |       |       |    18 |     7 |       |       ||    25
       Animate Dead      |       |       |       |    34 |   119 |    70 ||   223
       Injury Mirror     |       |       |       |     1 |     2 |       ||     3
       Recall Undead Sla |       |       |       |     8 |    20 |     3 ||    31
       Stop Recall       |       |       |       |       |     1 |       ||     1
       Drain Life        |       |       |       |       |     8 |     4 ||    12
 Abil: Rolling Charge    |       |    16 |    15 |    15 |    88 |    35 ||   169
       Evoke Flight      |       |       |       |       |       |     3 ||     3
Evoke: Wand              |     1 |       |     3 |    12 |       |       ||    16
       Condenser vane    |       |       |       |       |     2 |       ||     2
       Lightning rod     |       |       |       |       |     4 |       ||     4
  Use: Potion            |     3 |     4 |     1 |     3 |     2 |     4 ||    17
       Scroll            |       |     6 |    14 |     7 |    18 |    14 ||    59
 Stab: Sleeping          |     5 |       |     1 |       |       |     3 ||     9
       Distracted        |       |       |       |     1 |    19 |    11 ||    31
       Petrified         |       |       |       |       |     6 |       ||     6
       Betrayed ally     |       |       |       |       |     1 |       ||     1
       Confused          |       |       |       |       |     1 |       ||     1
       Held in net/web   |       |       |       |       |       |     1 ||     1
Armor: Leather armour    |    24 |       |       |       |       |       ||    24
       Ring mail         |    12 |    86 |    76 |       |   326 |   132 ||   632
       Skin              |       |     5 |       |       |       |       ||     5
       Scale mail        |       |       |    95 |   411 |   509 |   365 ||  1380
Dodge: Dodged            |    52 |    95 |   140 |   245 |   571 |   378 ||  1481
Block: Other             |       |       |    69 |   131 |       |       ||   200
       Reflection        |       |       |       |     8 |    55 |     2 ||    65
       Kite shield       |       |       |       |   125 |  1219 |       ||  1344
       Tower shield      |       |       |       |       |   754 |   785 ||  1539
       Buckler           |       |       |       |       |       |   130 ||   130
